 Dungeon Crawl Stone Soup version 0.21.1-1-g345015f (webtiles) character file.

143 Kairos the Charmwright (level 5, -1/39 HPs)
             Began as a Human Skald on Mar 24, 2018.
             Slain by a gnoll
             ... wielding a +0 spear
              (3 damage)
             ... on level 4 of the Dungeon.
             The game lasted 00:09:06 (2763 turns).

Kairos the Charmwright (Human Skald)                Turns: 2763, Time: 00:09:07

Health: -1/39      AC:  9    Str: 12    XL:     5   Next: 50%
Magic:  1/8        EV: 11    Int: 14    God:
Gold:   107        SH:  3    Dex: 12    Spells: 5/8 levels left

rFire    . . .     SeeInvis .   a - +0 mace
rCold    . . .     Gourm    .   (no shield)
rNeg     . . .     Faith    .   m - +4 ring mail
rPois    .         Spirit   .   (no helmet)
rElec    .         Reflect  +   (no cloak)
rCorr    .         Harm     .   (no gloves)
MR       .....                  (no boots)
Stlth    +.........             f - +3 amulet of reflection
HPRegen  0.13/turn              (no ring)
MPRegen  0.11/turn              (no ring)

@: about to teleport
A: no striking features
a: no special abilities


You were on level 4 of the Dungeon.
You were not hungry.

You visited 1 branch of the dungeon, and saw 4 of its levels.

You collected 107 gold pieces.

Inventory:

Hand Weapons
 a - a +0 mace (weapon)
Armour
 b - a +0 leather armour
 m - a +4 ring mail (worn)
Jewellery
 f - a +3 amulet of reflection (around neck)
 p - an uncursed amulet of regeneration
Scrolls
 g - 2 scrolls of identify
 i - 2 scrolls of fear
 j - 2 scrolls of teleportation
Potions
 h - a potion of brilliance {unknown}
 l - 2 potions of mutation {unknown}
 n - a potion of heal wounds
 o - a potion of agility {unknown}
 r - a potion of lignification {unknown}
Books
 c - a book of Battle

   Spells                             Type                      Level
   a - Infusion                       Charms                       1
   b - Shroud of Golubria             Charms/Translocation         2
   c - Song of Slaying                Charms                       2
   d - Spectral Weapon                Hexes/Charms                 3
   e - Regeneration                   Charms/Necromancy            3
Comestibles
 d - 4 rations


   Skills:
 + Level 2.3 Fighting
 + Level 3.2 Maces & Flails
 + Level 2.6 Armour
 + Level 2.5 Dodging
 + Level 2.3 Spellcasting
 + Level 3.6 Charms


You had 5 spell levels left.
You knew the following spells:

 Your Spells              Type           Power        Failure   Level  Hunger
a - Infusion              Chrm           ##..         11%         1    #......
b - Song of Slaying       Chrm           ##......     17%         2    ###....


Dungeon Overview and Level Annotations

Branches:
Dungeon (4/15)
 Temple: D:4-7

Altars:

Annotations:
D:3 Mirai's ghost, weakling DECj


Message History

an enchanted whip; a robe; a club; a gnoll corpse x2
You hit the gnoll!
The gnoll is severely wounded.
You are no longer magically infusing your attacks.
The gnoll barely misses you. The gnoll hits you with a club.
* * * LOW HITPOINT WARNING * * *
You barely miss the gnoll.
The gnoll is severely wounded.
The gnoll hits you from afar with a spear.
* * * LOW HITPOINT WARNING * * *
The gnoll hits you but does no damage. x2
The gnoll hits you from afar with a spear.
* * * LOW HITPOINT WARNING * * *
The gnoll hits you but does no damage.
As you read the scroll of teleportation, it crumbles to dust.
You feel strangely unstable.
Your song has ended.
The gnoll misses you.
The gnoll hits you from afar with a spear.
You die...

###
#.#
#.#
#@#
#g####
#.g)g#
####.#
#.#
#g#
###.#
#...#
#g###


You could see 2 gnolls.

Vanquished Creatures
  A gnoll shaman (D:4)
  A gnoll (D:4)
  4 adders
  2 dart slugs
  A leopard gecko (D:2)
  6 orcs
  A ball python (D:1)
  8 bats
  4 giant cockroaches
  A goblin (D:1)
  7 hobgoblins
  4 jackals (D:1)
  A quokka (D:4)
  5 frilled lizards
  4 kobolds
  9 rats
59 creatures vanquished.

Notes
Turn   | Place    | Note
-------+----------+-------------------------------------------
     0 | D:1      | Kairos the Human Skald began the quest for the Orb.
     0 | D:1      | Reached XP level 1. HP: 16/16 MP: 3/3
    31 | D:1      | Reached XP level 2. HP: 17/22 MP: 1/5
   276 | D:1      | Reached XP level 3. HP: 24/27 MP: 6/6
   911 | D:2      | Reached XP level 4. HP: 32/33 MP: 7/7
  1641 | D:3      | Noticed Mirai's ghost (weakling DECj)
  1696 | D:3      | Reached XP level 5. HP: 21/38 MP: 3/8
  2355 | D:2      | Learned a level 2 spell: Song of Slaying
  2763 | D:4      | Slain by a gnoll

Skill      XL: |  1  2  3  4  5 |
---------------+----------------+-----
Armour         | 2 |  2.6
Maces & Flails | 3 |  3.2
Fighting       | |  2.3
Dodging        | |  2.5
Spellcasting   | |  2.3
Charms         | |  3.6

Action                   |  1- 3 |  4- 6 || total
-------------------------+-------+-------++-------
Melee: Mace              |   119 |   140 ||   259
 Cast: Infusion          |     5 |     5 ||    10
       Song of Slaying   |       |     2 ||     2
  Use: Scroll            |     4 |     4 ||     8
       Potion            |     2 |       ||     2
  Eat: Chunk             |       |     4 ||     4
       Ration            |       |     1 ||     1
Armor: Leather armour    |    17 |       ||    17
       Ring mail         |    31 |    89 ||   120
Dodge: Dodged            |    85 |   102 ||   187
Block: Other             |     2 |     1 ||     3
